cohdb
Replays
Latest Replays
All Replays
Popular Replays
Top Player Replays
Match Explorer
How It Works
Community
CoH3 Stats
Reddit
Sign in to upload your games and track your stats! →
Sign in with Steam
Match 37407717
Unlisted
Match 37407717
Overview
Messages
Build Orders
End
Selects Armored Battlegroup
Selects Assault Engineers
Construct Barracks
Riflemen Squad
Assault Engineer Squad
Riflemen Squad
Riflemen Squad
Infantry Support Center
Construct Weapon Support Center
Bazooka Squad
Construct Medical Station
Selects Strength in Steel
M3 Armored Personnel Carrier
Advanced Logistics
Selects Seek and Destroy
ChuckleBerry
[TMI ] Marea
1Tap.com
Zannen
Gsacie
fafuna
皮皮
活结大王的崛起
0
0
Comments
sign in to comment!
No comments posted yet!